Map: Triton LE

Players

Monteeun - Winner!

  • Race: Terran Terran
  • Spawn Location: 5:00

sandboX

  • Race: Zerg Zerg
  • League: Gold
  • Spawn Location: 11:00

VOD

Have the link to the VOD?

Description

Time

  • Played on: Aug. 21, 2019, 11:20 p.m.
  • Length: 14:32
Show
View Real Time Build Order
Export as new Build Order

Monteeun Terran - Winner!

Build Orders: Gas First Reaper Expand 

Get SALT Encoding   

  12  0:02  SCV  
  13  0:14  SCV  
  13  0:20  Supply Depot  
  14  0:25  Refinery  
  14  0:33  SCV  
  15  0:45  Barracks  
  15  0:49  SCV  
  16  1:06  SCV  
  17  1:18  SCV  
  18  1:40  Orbital Command, Reaper  
  19  1:51  Command Center  
  19  2:04  Factory  
  19  2:14  Supply Depot  
  19  2:21  Refinery  
  19  2:23  Barracks Reactor  
  19  2:36  SCV  
  20  2:48  SCV  
  21  3:00  SCV  
  22  3:12  SCV  
  23  3:17  Starport  
  23  3:19  Barracks Tech Lab  
  23  3:22  Hellion x2  
  23  3:24  SCV  
  28  3:34  Orbital Command  
  28  3:36  SCV  
  29  3:43  Hellion x2  
  33  3:49  SCV  
  34  3:55  Viking  
  34  3:57  Supply Depot  
  34  4:01  SCV  
  37  4:05  Stimpack  
  37  4:06  Supply Depot  
  37  4:08  Liberator  
  37  4:12  Hellion x2  
  41  4:26  SCV  
  41  4:29  SCV  
  46  4:39  SCV  
  46  4:41  SCV  
  48  4:54  Command Center  
  48  5:08  SCV x2  
  48  5:09  Supply Depot  
  50  5:19  Hellion  
  50  5:20  Hellion  
  54  5:29  SCV x2  
  54  5:32  Starport Tech Lab  
  56  5:37  Engineering Bay x2  
  56  5:41  SCV x2  
  58  5:46  Barracks  
  58  5:50  Factory Tech Lab  
  58  5:52  Barracks  
  58  5:53  SCV x2  
  60  6:24  Siege Tank  
  57  6:52  Marine  
  52  6:56  Siege Tank  
  52  6:59  Banshee  
  58  7:02  Terran Infantry Weapons Level 1  
  58  7:03  Marine x2, Terran Infantry Armor Level 1, Barracks Reactor  
  60  7:10  Marine  
  61  7:16  SCV x2, Refinery  
  61  7:17  Refinery  
  61  7:18  Orbital Command  
  61  7:21  Marine x2  
  65  7:28  Marine, Siege Tank, SCV x2  
  65  7:29  Barracks  
  71  7:31  Barracks  
  71  7:32  Barracks  
  68  7:38  Marine  
  68  7:39  Marine  
  70  7:46  Marine  
  71  7:56  Marine x4  
  73  8:04  Marine  
  73  8:05  Armory  
  72  8:14  Marine x4  
  72  8:15  Orbital Command  
  76  8:21  Marine  
  76  8:25  Supply Depot  
  76  8:26  Supply Depot  
  77  8:31  Barracks Reactor  
  77  8:32  Marine x4  
  77  8:33  Barracks Reactor  
  82  8:34  Barracks Reactor  
  81  8:41  Factory  
  81  8:43  Marine, Starport Reactor  
  81  8:45  Siege Tank  
  86  8:48  SCV x3  
  86  8:49  Marine x2  
  86  8:50  Marine x2  
  92  9:00  SCV x2  
  92  9:01  Marine, SCV  
  96  9:07  Marine x2  
  96  9:08  Sensor Tower  
  98  9:12  SCV  
  97  9:17  Siege Tank  
  97  9:23  Medivac x2  
  101  9:30  Supply Depot  
  101  9:31  Supply Depot  
  101  9:32  Supply Depot  
  101  9:34  Supply Depot  
  101  9:40  Terran Infantry Weapons Level 2  
  101  9:43  Terran Infantry Armor Level 2  
  101  9:52  Marine x8, SCV x2  
  109  9:53  Medivac, SCV, Marauder  
  109  9:54  Supply Depot, Medivac  
  109  9:55  Supply Depot  
  118  10:04  SCV x2  
  118  10:05  SCV  
  121  10:08  Marine x2  
  121  10:09  Marine x3  
  126  10:14  Marauder  
  126  10:16  SCV, Supply Depot  
  129  10:23  Viking  
  132  10:28  SCV  
  132  10:36  Marauder  
  132  10:38  Terran Vehicle Weapons Level 1  
  132  10:39  Sensor Tower  
  134  10:43  Marine x5, Supply Depot x2  
  134  10:44  Marine x2, Supply Depot  
  134  10:45  Siege Tank  
  144  10:54  SCV x3  
  147  10:57  Marauder  
  149  11:06  SCV x3  
  152  11:19  Marauder  
  154  11:30  Refinery  
  154  11:31  Refinery  
  154  11:38  Marine x2  
  154  11:39  Marine x4, Command Center  
  160  11:40  Marine, Marauder  
  160  11:41  Siege Tank x2, Medivac x2  
  160  11:42  Marine x3  
  160  11:46  Supply Depot  
  176  11:47  Supply Depot  
  176  11:49  Supply Depot  
  176  11:50  Supply Depot  
  176  11:56  Marine  
  177  12:01  Marauder  
  180  12:23  Marauder  
  180  12:27  Marine x2  
  180  12:28  Marine x3  
  180  12:29  Marine, Siege Tank x2  
  192  12:31  Marine x3, Medivac x2  
  192  12:32  Marine  
  196  13:07  Marine x3  
  196  13:08  Marine  
Show
View Real Time Build Order
Export as new Build Order

sandboX Zerg 

Build Orders: Hatch First 

Get SALT Encoding   

  12  0:01  Drone  
  13  0:16  Overlord  
  13  0:23  Drone  
  14  0:34  Drone x2  
  16  0:54  Hatchery  
  15  0:58  Drone  
  15  0:59  Drone  
  15  1:02  Drone  
  18  1:18  Extractor  
  18  1:20  Spawning Pool  
  16  1:32  Drone x3  
  19  1:54  Overlord  
  19  1:56  Drone  
  20  2:09  Drone x2  
  20  2:12  Queen x2  
  26  2:19  Zergling x2  
  26  2:20  Zergling x2  
  28  2:36  Metabolic Boost  
  27  2:39  Drone x4  
  31  3:04  Hatchery  
  30  3:15  Drone x6  
  36  3:32  Overlord x3  
  36  3:57  Drone x6  
  42  4:06  Spore Crawler  
  42  4:07  Roach Warren  
  42  4:09  Spore Crawler, Queen  
  41  4:20  Extractor  
  41  4:21  Extractor  
  39  4:24  Spore Crawler  
  38  4:35  Overlord x3  
  38  4:38  Drone x11  
  49  4:53  Roach x4  
  57  5:08  Drone x2  
  57  5:09  Drone x5  
  57  5:10  Overlord  
  64  5:15  Lair  
  64  5:29  Extractor  
  64  5:30  Extractor  
  64  5:31  Roach x6  
  74  5:53  Spore Crawler  
  74  5:54  Drone  
  74  5:56  Overlord  
  74  5:57  Overlord x3  
  74  6:06  Spore Crawler  
  73  6:12  Extractor  
  72  6:21  Roach x14  
  87  6:35  Roach x3  
  79  7:08  Hydralisk Den  
  78  7:25  Drone x6  
  78  7:26  Drone x5  
  84  7:56  Drone x12  
  91  8:14  Hydralisk x3  
  97  8:29  Drone x4  
  97  8:30  Drone  
  102  9:01  Drone x4  
  106  9:02  Overlord  
  106  9:03  Overlord x3  
  106  9:23  Hydralisk x9  
  124  9:43  Overlord x4  
  124  9:51  Overseer x3  
  124  9:52  Overseer  
  124  10:03  Hydralisk  
  124  10:04  Hydralisk x7  
  140  10:13  Infestation Pit  
  140  10:14  Glial Reconstitution  
  139  10:22  Evolution Chamber  
  139  10:24  Evolution Chamber  
  139  10:26  Roach  
  139  10:27  Roach x4  
  147  10:48  Roach x7  
  147  10:49  Roach x2  
  165  10:57  Hive  
  165  11:05  Overlord, Spire  
  164  11:23  Hatchery  
  163  11:34  Drone x12  
  175  11:43  Overlord x2  
  175  11:47  Zerg Missile Weapons Level 1  
  175  11:50  Zerg Ground Armor Level 1  
  175  12:00  Muscular Augments  
  175  12:05  Roach x4  
  183  12:26  Roach  
  183  12:27  Overlord x3  
  183  12:28  Overlord x2  
  185  12:35  Queen  
  187  12:39  Hydralisk x2  
  71  13:09  Roach x8  
  71  13:10  Roach x11  
  109  13:21  Infestor x5  
  119  13:32  Hydralisk x4  
  119  13:33  Hydralisk  
  129  13:45  Roach x6  
  125  14:04  Roach x11  
Tags
 
Add a new tag
Caveats
  • Supply blocks, unpowered buildings, or Contaminate may cause inaccurate times.
  • Supply counts are checked every 10 seconds.